 Dungeon Crawl Stone Soup version 0.22.1-1-ga44c0e5 (webtiles) character file.

4212 Fang the Cleaver (level 10, -1/96 HPs)
             Began as a Gargoyle Berserker on Sept 24, 2018.
             Was a High Priest of Trog.
             Slain by a worker ant (3 damage)
             ... on level 8 of the Dungeon.
             The game lasted 00:12:44 (7347 turns).

Fang the Cleaver (Gargoyle Berserker)               Turns: 7347, Time: 00:12:45

Health: -1/96      AC: 11    Str: 32    XL:     10   Next: 29%
Magic:  10/10      EV: 14    Int:  8    God:    Trog [*****.]
Gold:   426        SH:  0    Dex:  9    Spells: 9/9 levels left

rFire    x . .     SeeInvis .   w - +0 hand axe (flame)
rCold    + . .     Gourm    +   (no shield)
rNeg     + . .     Faith    .   b - +2 animal skin
rPois    ∞         Spirit   .   (no helmet)
rElec    +         Reflect  .   (no cloak)
rCorr    .         Harm     .   (no gloves)
MR       .....                  (no boots)
Stlth    ..........             q - amulet of the gourmand
HPRegen  0.26/turn              f - +3 ring of strength
MPRegen  0.12/turn              m - ring of ice

@: berserking, very quick
A: negative energy resistance 1, electricity resistance, unbreathing,
petrification resistance, rot immunity, AC +7
a: Berserk, Trog's Hand, Brothers in Arms, Renounce Religion


You were on level 8 of the Dungeon.
You worshipped Trog.
Trog was extremely pleased with you.
You were very full.

You visited 2 branches of the dungeon, and saw 9 of its levels.

You collected 426 gold pieces.

Inventory:

Hand Weapons
 a - a +1 hand axe
 w - a +0 hand axe of flaming (weapon)
Armour
 b - a +2 animal skin (worn)
Jewellery
 f - a +3 ring of strength (left hand)
 k - an uncursed amulet of harm
 m - a ring of ice (right hand)
 q - an amulet of the gourmand (around neck)
Wands
 p - a wand of polymorph (11)
 s - a wand of digging (18)
Scrolls
 d - 6 scrolls of teleportation
 l - 3 scrolls of enchant armour
 t - a scroll of identify
 v - a scroll of silence {unknown}
 x - a scroll of magic mapping {unknown}
Potions
 e - a potion of heal wounds
 g - a potion of brilliance
 h - a potion of magic
 i - 2 potions of invisibility
 j - 2 potions of mutation
 n - 5 potions of curing
 o - 2 potions of haste {unknown}
 r - 3 potions of might
 u - 2 potions of flight
Comestibles
 c - 20 rations
 z - 4 chunks of flesh


   Skills:
 + Level 7.7 Fighting
 + Level 10.2 Axes
 + Level 2.4 Armour
 + Level 6.0 Dodging
 + Level 3.1 Stealth


You had 9 spell levels left.
You didn't know any spells.
Your spell library was empty.

Dungeon Overview and Level Annotations

Branches:
Dungeon (8/15)             Temple (1/1) D:7
   Lair: D:8-11

Altars:
Ashenzari
Elyvilon
Fedhas
Hepliaklqana
Kikubaaqudgha
Makhleb
Qazlal
Trog
Uskayaw
Vehumet
Xom
The Shining One

Shops:
D:4 (   D:8 %[?

Annotations:
D:6 3 runed doors, fispok69's ghost, novice TrEE


Innate Abilities, Weirdness & Mutations

You are resistant to torment.
Your stone body is resilient. (AC +7)
You are immune to poison.
You resist negative energy. (rN+)
You are resistant to electric shocks. (rElec)
You can survive without breathing.
You are immune to petrification.
You are immune to rotting.


Message History

The two-headed ogre is severely wounded.
The two-headed ogre hits you with a dire flail!
* * * LOW HITPOINT WARNING * * *
The two-headed ogre misses you.
You hit the two-headed ogre. You burn the two-headed ogre.
The two-headed ogre is almost dead.
You slash the worker ant! You burn the worker ant. You hit the worker ant.
You burn the worker ant.
Unknown command.
You slash the two-headed ogre! You burn the two-headed ogre.
You kill the two-headed ogre!
Trog accepts your kill.
Your Dodging skill increases to level 6!
Your Stealth skill increases to level 3!
You hit the worker ant. You burn the worker ant. You slash the worker ant!
You burn the worker ant.
You kill the worker ant!
Trog accepts your kill. The worker ant bites you.
You die...

#.##.#####
#.##.# #.##.#
#(##.# ######
#.##.# ......
###)##'###......
#......)........
#...............
#.......@a......
#........)......
###.#...........
#.#.####......
#.#.# ......
#.#.# ...... #.
####.


You could see a worker ant.

Vanquished Creatures
  2 two-headed ogres (D:8)
  Sigmund (D:4)
  Duvessa (D:3)
  2 orc warriors (D:7)
  A sky beast (D:5)
  A black bear (D:7)
  2 phantoms
  3 ogres
  A necrophage (D:7)
  4 centaurs
  A big kobold (D:8)
  Dowan (D:3)
  A scorpion (D:8)
  8 wights
  A howler monkey (D:8)
  3 crimson imps
  A centaur zombie (D:5)
  2 jellies
  3 orc priests
  5 orc wizards
  A bullfrog skeleton (D:5)
  2 hounds
  3 iguanas
  5 worker ants
  A hound zombie (D:5)
  A hound skeleton (D:4)
  A worker ant zombie (D:8)
  2 gnolls (D:8)
  10 adders
  A shadow imp (D:5)
  2 oozes
  An adder zombie (D:7)
  An adder skeleton (D:4)
  A worm (D:2)
  2 dart slugs (D:1)
  7 leopard geckos
  16 orcs
  8 bats
  8 giant cockroaches
  4 goblins
  5 hobgoblins
  6 jackals
  4 quokkas
  8 frilled lizards
  A goblin skeleton (D:4)
  A goblin zombie (D:4)
  4 hobgoblin zombies (D:4)
  7 kobolds
  A kobold skeleton (D:4)
  A kobold zombie (D:4)
  An orc skeleton (D:4)
  A quokka zombie (D:8)
  6 rats
167 creatures vanquished.

Notes
Turn   | Place    | Note
-------+----------+-------------------------------------------
     0 | D:1      | Fang the Gargoyle Berserker began the quest for the Orb.
     0 | D:1      | Reached XP level 1. HP: 14/14 MP: 1/1
   157 | D:1      | Reached XP level 2. HP: 11/19 MP: 2/2
   431 | D:1      | Reached skill level 3 in Axes
   820 | D:1      | Reached XP level 3. HP: 23/24 MP: 3/3
  1066 | D:1      | You fall through a shaft!
  1158 | D:2      | Reached XP level 4. HP: 18/29 MP: 4/4
  1384 | D:2      | Reached ** piety under Trog
  1400 | D:2      | Found a white marble altar of Elyvilon.
  1615 | D:2      | Reached skill level 4 in Axes
  1615 | D:2      | Reached XP level 5. HP: 23/33 MP: 5/5
  2318 | D:3      | Reached *** piety under Trog
  2434 | D:3      | Reached XP level 6. HP: 21/38 MP: 6/6
  2724 | D:4      | Noticed Duvessa
  2724 | D:4      | Noticed Dowan
  2733 | D:4      | Reached skill level 5 in Axes
  2738 | D:3      | Killed Dowan
  2739 | D:3      | Killed Duvessa
  2739 | D:3      | Reached XP level 7. HP: 17/44 MP: 7/7
  2959 | D:4      | Found a glowing golden altar of the Shining One.
  3119 | D:4      | Noticed Sigmund
  3121 | D:4      | Reached **** piety under Trog
  3130 | D:4      | Reached skill level 6 in Axes
  3139 | D:4      | Killed Sigmund
  3139 | D:4      | Reached skill level 5 in Fighting
  3246 | D:4      | Reached skill level 1 in Stealth
  3246 | D:4      | Reached XP level 8. HP: 18/49 MP: 8/8
  3605 | D:4      | Found Pitinar's Weapon Boutique.
  3763 | D:4      | Found a burning altar of Makhleb.
  3864 | D:5      | Entered Level 5 of the Dungeon
  3871 | D:5      | Reached skill level 7 in Axes
  4843 | D:6      | Reached skill level 8 in Axes
  4979 | D:6      | Found a runed gate.
  4979 | D:6      | Found a runed gate.
  4980 | D:6      | Noticed fispok69's ghost (novice TrEE)
  4981 | D:6      | Found a runed gate.
  5210 | D:7      | Reached XP level 9. HP: 33/55 MP: 9/9
  5908 | D:7      | Reached skill level 9 in Axes
  5975 | D:7      | Found a hazy altar of Hepliaklqana.
  5976 | D:7      | Found a shimmering altar of Xom.
  5977 | D:7      | Noticed a spectral ugly thing
  6014 | D:7      | Found a staircase to the Ecumenical Temple.
  6125 | Temple   | Entered the Ecumenical Temple
  6183 | D:7      | Found a blossoming altar of Fedhas.
  6217 | D:7      | Found a shattered altar of Ashenzari.
  6217 | D:7      | Found a bloodstained altar of Trog.
  6222 | D:7      | Found an ancient bone altar of Kikubaaqudgha.
  6224 | D:7      | Found a hide-covered altar of Uskayaw.
  6225 | D:7      | Found a faded altar of an unknown god.
  6319 | D:7      | Reached skill level 5 in Dodging
  6757 | D:8      | Found Qyex's Magic Scroll Boutique.
  6855 | D:8      | Found Poin's Antique Armour Shop.
  6872 | D:8      | Noticed a two-headed ogre
  6892 | D:8      | HP: 3/84 [two-headed ogre/giant spiked club (7)]
  6893 | D:8      | Killed a two-headed ogre
  6893 | D:8      | Reached XP level 10. HP: 4/63 MP: 10/10
  6901 | D:8      | HP: 3/63 [gnoll/flail (2)]
  6903 | D:8      | Found Kotilyici's Food Shop.
  6983 | D:8      | Reached ***** piety under Trog
  7300 | D:8      | Reached skill level 10 in Axes
  7334 | D:8      | Noticed a two-headed ogre
  7345 | D:8      | HP: 2/94 [two-headed ogre/dire flail (8)]
  7347 | D:8      | Killed a two-headed ogre
  7347 | D:8      | Slain by a worker ant

Skill      XL: |  1  2  3  4  5  6  7  8  9 10 |
---------------+-------------------------------+-----
Axes           | 3 4 5 6 8 9 10 | 10.2
Dodging        | 2 3 4 5 6 |  6.0
Fighting       | 4 5 7 |  7.7
Stealth        | 1 2 3 |  3.1
Armour         | |  2.4

Action                   |  1- 3 |  4- 6 |  7- 9 | 10-12 || total
-------------------------+-------+-------+-------+-------++-------
Melee: Hand axe          |   110 |   219 |   351 |    32 ||   712
Invok: Berserk           |     1 |     2 |     7 |     1 ||    11
  Use: Scroll            |       |     8 |     9 |       ||    17
 Stab: Sleeping          |       |       |     1 |       ||     1
  Eat: Chunk             |     2 |     6 |    27 |     4 ||    39
Armor: Animal skin       |    49 |   112 |   122 |    10 ||   293
Dodge: Dodged            |    86 |   139 |   225 |    10 ||   460
